[Event "11th LCC Super Blitz 2019"]
[Site "London"]
[Date "2019.12.08"]
[Round "11.1"]
[White "Howell, David Wl"]
[Black "Toh, Q Kane"]
[Result "1-0"]
[ECO "B10"]
[WhiteElo "2650"]
[BlackElo "1606"]
[Annotator "ChessBase"]
[PlyCount "62"]
[EventDate "2019.12.08"]
[EventType "swiss"]
[EventCountry "ENG"]
[SourceTitle "playchess.com"]
[Source "ChessBase"]
[SourceQuality "1"]
[TimeControl "180+2"]

1. e4 c6 2. d3 d5 3. Nd2 e5 4. Ngf3 Nd7 5. g3 Ngf6 6. Bg2 Bd6 7. O-O O-O 8. Qe2 Qc7 9. a4 b6 10. Nh4 g6 11. Re1 Re8 12. Nf1 Bb7 13. Bh6 Bf8 14. Qd2 Rad8 15. exd5 cxd5 16. c3 Nc5 17. Bxf8 Rxf8 18. d4 Nce4 19. Qd1 exd4 20. Qxd4 Rfe8 21. Rad1 Qc5 22. Ne3 Bc6 23. Nf3 Qxd4 24. Nxd4 Bxa4 25. Ra1 Bd7 26. Rxa7 Nd2 27. Re2 Nc4 28. Nxd5 Nxd5 29. Rxd7 Rxd7 30. Rxe8+ Kg7 31. Re2 Nf6 1-0

[Event "11th LCC Super Blitz 2019"]
[Site "London"]
[Date "2019.12.08"]
[Round "11.2"]
[White "Grover, Sahaj"]
[Black "Watson, Mikey J"]
[Result "1-0"]
[ECO "D90"]
[WhiteElo "2486"]
[BlackElo "1748"]
[Annotator "ChessBase"]
[PlyCount "57"]
[EventDate "2019.12.08"]
[EventType "swiss"]
[EventCountry "ENG"]
[SourceTitle "playchess.com"]
[Source "ChessBase"]
[SourceQuality "1"]
[TimeControl "180+2"]

1. d4 d5 2. c4 c6 3. Nc3 Nf6 4. Nf3 g6 5. cxd5 cxd5 6. Bf4 a6 7. e3 Bg7 8. Be2 O-O 9. h4 Nc6 10. Ne5 h5 11. Rc1 Ne4 12. Nxc6 bxc6 13. Nxe4 dxe4 14. Rxc6 Qa5+ 15. Qd2 Qxa2 16. O-O Bb7 17. Rc7 Bd5 18. Rxe7 Rfc8 19. Rc1 Bf8 20. Rec7 Rcb8 21. R7c2 Rb7 22. Kh2 Kh7 23. f3 Bb4 24. Qd1 Bb3 25. Bc4 Bxc4 26. Rxc4 exf3 27. Qxf3 Raa7 28. Be5 f5 29. Rc8 1-0

[Event "11th LCC Super Blitz 2019"]
[Site "London"]
[Date "2019.12.08"]
[Round "11.2"]
[White "Petrov, Vladimir Sergeev"]
[Black "Pert, Nicholas"]
[Result "1/2-1/2"]
[ECO "B32"]
[WhiteElo "2355"]
[BlackElo "2560"]
[Annotator "ChessBase"]
[PlyCount "125"]
[EventDate "2019.12.08"]
[EventType "swiss"]
[EventCountry "ENG"]
[SourceTitle "playchess.com"]
[Source "ChessBase"]
[SourceQuality "1"]
[TimeControl "180+2"]

1. e4 c5 2. Nf3 Nc6 3. d4 cxd4 4. Nxd4 e5 5. Nb5 d6 6. N1c3 a6 7. Na3 Be7 8. Nd5 Nf6 9. Be3 Nxd5 10. exd5 Nd4 11. Bxd4 exd4 12. Qxd4 O-O 13. Bd3 Bf6 14. Qb4 Re8+ 15. Kf1 b5 16. c3 Bb7 17. Rd1 Qe7 18. Qf4 Bxd5 19. Qf5 Be4 20. Bxe4 Qxe4 21. Qxe4 Rxe4 22. Rxd6 Rae8 23. g3 b4 24. cxb4 Rxb4 25. Rxa6 Rxb2 26. Nc4 Rb4 27. Ne3 Bd4 28. Kg2 Bxe3 29. fxe3 Rb2+ 30. Kf3 h5 31. h4 Rc2 32. Rd1 Rc3 33. Re1 g6 34. a4 Ra3 35. Kf4 Rc8 36. a5 Rc5 37. Ra8+ Kg7 38. a6 Rf5+ 39. Ke4 Ra4+ 40. Kd3 Rd5+ 41. Ke2 Ra2+ 42. Kf3 Rf5+ 43. Ke4 Ra4+ 44. Kd3 Rfa5 45. Rc1 Rxa6 46. Rxa6 Rxa6 47. Ke4 Rf6 48. Rc7 Rf2 49. Rc6 Kf8 50. Rc7 Kg7 51. Rc6 Rf6 52. Rxf6 Kxf6 53. Kf4 Ke6 54. Ke4 f6 55. Kf4 Kd5 56. Kf3 Ke5 57. e4 g5 58. hxg5 fxg5 59. Ke3 h4 60. gxh4 gxh4 61. Kf3 h3 62. Kg3 Kxe4 63. Kxh3 1/2-1/2

[Event "11th LCC Super Blitz 2019"]
[Site "London"]
[Date "2019.12.08"]
[Round "11.2"]
[White "Wallace, John Paul"]
[Black "Maze, Sebastien"]
[Result "1-0"]
[ECO "E80"]
[WhiteElo "2344"]
[BlackElo "2549"]
[Annotator "ChessBase"]
[PlyCount "97"]
[EventDate "2019.12.08"]
[EventType "swiss"]
[EventCountry "ENG"]
[SourceTitle "playchess.com"]
[Source "ChessBase"]
[SourceQuality "1"]
[TimeControl "180+2"]

1. d4 Nf6 2. c4 g6 3. Nc3 Bg7 4. e4 d6 5. f3 c6 6. Bd3 a6 7. a4 a5 8. Nge2 Na6 9. O-O e5 10. Be3 O-O 11. Qd2 Nd7 12. Kh1 exd4 13. Nxd4 Ndc5 14. Bc2 Nb4 15. Rfd1 Qe7 16. Rac1 Rd8 17. Bg5 Bf6 18. Bxf6 Qxf6 19. f4 Ne6 20. Nde2 b6 21. Rf1 Nc5 22. Rce1 Ba6 23. b3 d5 24. cxd5 cxd5 25. e5 Qe7 26. Nb5 Bxb5 27. axb5 d4 28. Ng3 Nxc2 29. Qxc2 d3 30. Qd1 Rd4 31. f5 d2 32. Re3 Rad8 33. e6 Qg5 34. exf7+ Kf8 35. fxg6 hxg6 36. Qe2 Qxe3 37. Qxe3 d1=Q 38. Qh6+ Ke7 39. f8=Q+ Rxf8 40. Qxf8+ Ke6 41. Qf7+ Kd6 42. Rxd1 Rxd1+ 43. Nf1 Rd3 44. Qxg6+ Kd5 45. Qc6+ Kd4 46. Qxb6 Rxb3 47. Qd8+ Kc4 48. b6 a4 49. Nd2+ 1-0

[Event "11th LCC Super Blitz 2019"]
[Site "London"]
[Date "2019.12.08"]
[Round "11.3"]
[White "Aravindh, Chithambaram Vr"]
[Black "Zulfic, Fedja"]
[Result "1-0"]
[ECO "D85"]
[WhiteElo "2560"]
[BlackElo "2032"]
[Annotator "ChessBase"]
[PlyCount "65"]
[EventDate "2019.12.08"]
[EventType "swiss"]
[EventCountry "ENG"]
[SourceTitle "playchess.com"]
[Source "ChessBase"]
[SourceQuality "1"]
[TimeControl "180+2"]

1. Nf3 Nf6 2. d4 g6 3. c4 Bg7 4. Nc3 d5 5. cxd5 Nxd5 6. e4 Nxc3 7. bxc3 c5 8. Be3 O-O 9. Be2 Nc6 10. O-O cxd4 11. cxd4 Bg4 12. d5 Bxf3 13. Bxf3 Ne5 14. Be2 Rc8 15. Qa4 a6 16. Rab1 Qd6 17. Rxb7 f5 18. Rb6 Qd7 19. Qxd7 Nxd7 20. Rxa6 fxe4 21. Bg4 Rcd8 22. Ra7 Nf6 23. Be6+ Kh8 24. Rd1 Ra8 25. Rb1 Rxa7 26. Bxa7 Ne8 27. Rb8 Nd6 28. Rxf8+ Bxf8 29. a4 Nc4 30. Bc5 Kg7 31. Bb4 Kf6 32. Bc3+ Kg5 33. a5 1-0

[Event "11th LCC Super Blitz 2019"]
[Site "London"]
[Date "2019.12.08"]
[Round "11.3"]
[White "Bukojemski, Adam"]
[Black "Nettleton, Charlie B"]
[Result "1/2-1/2"]
[ECO "A16"]
[WhiteElo "2219"]
[BlackElo "2021"]
[Annotator "NA"]
[PlyCount "88"]
[EventDate "2019.12.08"]
[EventType "swiss"]
[EventCountry "ENG"]
[SourceTitle "playchess.com"]
[Source "ChessBase"]
[SourceQuality "1"]
[TimeControl "180+2"]

1. Nf3 Nf6 2. c4 g6 3. Nc3 Bg7 4. d3 O-O 5. g3 c6 6. Bg2 d5 7. O-O Re8 8. Qc2 d4 9. Nd1 e5 10. Nd2 Be6 11. b4 Qd7 12. Nb3 Bf8 13. Bd2 Bh3 14. e4 dxe3 15. Nxe3 Bxg2 16. Kxg2 Na6 17. a3 Nc7 18. Rad1 Ne6 19. Qb1 Rad8 20. Bc3 Nd4 21. Nc2 Ne2 22. Ba1 Qg4 23. f3 Qg5 24. Rf2 Nf4+ 25. Kh1 Nxd3 26. Rfd2 e4 27. f4 Qh5 28. Bxf6 Nf2+ 29. Kg2 Nxd1 30. Bxd8 Qf3+ 31. Kg1 e3 32. Qxd1 e2 33. Qe1 Qxb3 34. Bf6 Qf3 35. Be5 f6 36. Qxe2 Qxe2 37. Rxe2 fxe5 38. fxe5 Kf7 39. Rf2+ Ke7 40. Nd4 Rd8 41. Nf3 h6 42. Rd2 Rxd2 43. Nxd2 Bg7 44. Nf3 Ke6 1/2-1/2

[Event "11th LCC Super Blitz 2019"]
[Site "London"]
[Date "2019.12.08"]
[Round "11.3"]
[White "Rishi, Thariani"]
[Black "Willow, Jonah B"]
[Result "0-1"]
[ECO "B22"]
[WhiteElo "2008"]
[BlackElo "2355"]
[Annotator "NA"]
[PlyCount "140"]
[EventDate "2019.12.08"]
[EventType "swiss"]
[EventCountry "ENG"]
[SourceTitle "playchess.com"]
[Source "ChessBase"]
[SourceQuality "1"]
[TimeControl "180+2"]

1. e4 c5 2. c3 Nf6 3. e5 Nd5 4. d4 cxd4 5. Nf3 Nc6 6. cxd4 g6 7. Bc4 Nb6 8. Bb5 Bg7 9. O-O O-O 10. Nc3 d6 11. Re1 Bg4 12. Bxc6 bxc6 13. h3 Bf5 14. Qe2 Qd7 15. Bg5 Rfe8 16. Rad1 h6 17. Bf4 Be6 18. Ne4 Nd5 19. Bc1 Bf5 20. Ng3 Be6 21. Ne4 Rab8 22. b3 a5 23. Ba3 Bf5 24. Ng3 Nc3 25. Qf1 Nxd1 26. Rxd1 a4 27. Nxf5 Qxf5 28. exd6 axb3 29. axb3 exd6 30. Bxd6 Rxb3 31. Qc4 Qd5 32. Qc5 Rb5 33. Qa3 Rb3 34. Qc5 Rb5 35. Qa3 Qb3 36. Qxb3 Rxb3 37. Ne5 Bxe5 38. dxe5 Rc3 39. f4 Rc2 40. f5 gxf5 41. Rf1 Ra8 42. Rxf5 Raa2 43. g4 Rg2+ 44. Kf1 Rh2 45. Kg1 Rxh3 46. Rf6 Rg3+ 47. Kf1 Kg7 48. Rf4 Rh3 49. Kg1 Rg3+ 50. Kf1 Rb3 51. Re4 Kg6 52. Bb4 Rb1+ 53. Be1 c5 54. Rc4 Raa1 55. Re4 c4 56. Rxc4 Rxe1+ 57. Kf2 Rxe5 58. Rc6+ Re6 59. Rc5 Ra2+ 60. Kf3 Raa6 61. Rd5 Rad6 62. Rc5 Rf6+ 63. Kg3 Rd1 64. Rc3 Rg1+ 65. Kh3 Rgf1 66. Kg3 h5 67. gxh5+ Kxh5 68. Rc5+ R1f5 69. Rc4 Rg5+ 70. Kh2 Rh6 0-1

[Event "11th LCC Super Blitz 2019"]
[Site "London"]
[Date "2019.12.08"]
[Round "11.4"]
[White "Stoyanov, Viktor"]
[Black "Beinoras, Mindaugas"]
[Result "0-1"]
[ECO "C47"]
[WhiteElo "2191"]
[BlackElo "2401"]
[Annotator "NA"]
[PlyCount "74"]
[EventDate "2019.12.08"]
[EventType "swiss"]
[EventCountry "ENG"]
[SourceTitle "playchess.com"]
[Source "ChessBase"]
[SourceQuality "1"]
[TimeControl "180+2"]

1. e4 e5 2. Nf3 Nc6 3. Nc3 Nf6 4. d4 Bb4 5. Nxe5 Nxe5 6. dxe5 Nxe4 7. Qd4 Nxc3 8. Qxb4 Nd5 9. Qe4 c6 10. Bd3 Qb6 11. O-O Qb4 12. c4 Nc7 13. a3 Qe7 14. Be3 b6 15. f4 Bb7 16. f5 f6 17. Bf4 O-O-O 18. Rae1 Rhe8 19. Qf3 Qc5+ 20. Kh1 Ba6 21. b4 Qd4 22. Re4 Qc3 23. Rc1 Qxa3 24. exf6 gxf6 25. Rce1 Qxb4 26. Rxe8 Rxe8 27. Rxe8+ Nxe8 28. Qe3 Nc7 29. h3 Qf8 30. Qg3 Ne8 31. Bf1 d6 32. Qa3 Kb7 33. Be2 Qe7 34. Bf3 Bxc4 35. Qc3 d5 36. Kh2 a5 37. Bg3 a4 0-1

[Event "11th LCC Super Blitz 2019"]
[Site "London"]
[Date "2019.12.08"]
[Round "11.4"]
[White "Bird, Joel"]
[Black "Arkell, Keith C"]
[Result "0-1"]
[ECO "B17"]
[WhiteElo "2009"]
[BlackElo "2453"]
[Annotator "ChessBase"]
[PlyCount "54"]
[EventDate "2019.12.08"]
[EventType "swiss"]
[EventCountry "ENG"]
[SourceTitle "playchess.com"]
[Source "ChessBase"]
[SourceQuality "1"]
[TimeControl "180+2"]

1. e4 c6 2. d4 d5 3. Nc3 dxe4 4. Nxe4 Nd7 5. Nf3 Ngf6 6. Nc3 g6 7. Bd3 Bg7 8. O-O O-O 9. Qe2 c5 10. Rd1 cxd4 11. Nxd4 Nc5 12. Bc4 Qe8 13. h3 a6 14. a4 e5 15. Nf3 e4 16. Nd4 Bd7 17. a5 Rc8 18. b4 Ne6 19. Bxe6 Bxe6 20. Nxe4 Bd5 21. Nxf6+ Bxf6 22. Qxe8 Rfxe8 23. Be3 Rc4 24. Nf5 gxf5 25. Rxd5 Bxa1 26. Rd7 f4 27. Bd4 Rxd4 0-1

[Event "11th LCC Super Blitz 2019"]
[Site "London"]
[Date "2019.12.08"]
[Round "11.4"]
[White "Stamatopoulos, Apostolos"]
[Black "Tanmay Chopra"]
[Result "1/2-1/2"]
[ECO "D04"]
[WhiteElo "1782"]
[BlackElo "2100"]
[Annotator "NA"]
[PlyCount "108"]
[EventDate "2019.12.08"]
[EventType "swiss"]
[EventCountry "ENG"]
[SourceTitle "playchess.com"]
[Source "ChessBase"]
[SourceQuality "1"]
[TimeControl "180+2"]

1. Nf3 c5 2. e3 Nc6 3. d4 d5 4. b3 Nf6 5. h3 Bf5 6. Bd3 Bg6 7. O-O e6 8. Bb2 Bd6 9. Nbd2 Bxd3 10. cxd3 cxd4 11. Nxd4 O-O 12. Nxc6 bxc6 13. Rc1 c5 14. Nf3 Nd7 15. Ba3 Qa5 16. Bb2 Qxa2 17. Qc2 Rfb8 18. Nd2 Be5 19. d4 cxd4 20. exd4 Bf4 21. Ra1 Rc8 22. Qxc8+ Rxc8 23. Rxa2 Bxd2 24. Rxa7 Nf6 25. Rfa1 Bf4 26. Ra8 Bb8 27. R1a7 Ne8 28. Rb7 Bh2+ 29. Kxh2 Rxa8 30. b4 Nd6 31. Rd7 Nc4 32. Bc1 Rc8 33. Bf4 Kf8 34. b5 Ke8 35. Rb7 Na5 36. Ra7 Nc4 37. Rb7 Na5 38. Ra7 Nc4 39. Ra6 Kd7 40. Ra7+ Ke8 41. Ra6 Kd7 42. b6 Kc6 43. Bc7 Re8 44. Ra7 f6 45. Ra6 e5 46. dxe5 fxe5 47. Kg3 d4 48. Kf3 e4+ 49. Ke2 d3+ 50. Kd1 e3 51. fxe3 Rxe3 52. Ra4 Nb2+ 53. Kd2 Re2+ 54. Kc3 Nxa4+ 1/2-1/2

[Event "11th LCC Super Blitz 2019"]
[Site "London"]
[Date "2019.12.08"]
[Round "11.5"]
[White "Cox, John J"]
[Black "Roberson, Peter T"]
[Result "1-0"]
[ECO "A40"]
[WhiteElo "2346"]
[BlackElo "2282"]
[Annotator "NA"]
[PlyCount "115"]
[EventDate "2019.12.08"]
[EventType "swiss"]
[EventCountry "ENG"]
[SourceTitle "playchess.com"]
[Source "ChessBase"]
[SourceQuality "1"]
[TimeControl "180+2"]

1. c4 b6 2. d4 Bb7 3. a3 e6 4. Nc3 f5 5. d5 Be7 6. g3 Bf6 7. Qc2 Ne7 8. Bg2 O-O 9. Nh3 a5 10. O-O Na6 11. d6 Nc6 12. dxc7 Nxc7 13. Be3 Na6 14. Rfd1 Nc5 15. Nf4 Qe7 16. Rab1 a4 17. Bxc5 bxc5 18. Nxa4 Nd4 19. Rxd4 Bxg2 20. Rd2 Be4 21. Nd3 Rfb8 22. Naxc5 Bc6 23. Nb3 Ba4 24. Ndc1 Rb7 25. Qd3 Rab8 26. Nd4 Qc5 27. e3 Rc8 28. b3 Bc6 29. Nxc6 Rxc6 30. a4 Qa3 31. Ra2 Qb4 32. Ne2 h6 33. Nd4 Rd6 34. Qc2 Bxd4 35. exd4 Rxd4 36. Rd1 Re4 37. a5 Re5 38. a6 Ra7 39. Ra4 Qb6 40. Rda1 Rc5 41. b4 Re5 42. c5 Qb8 43. Qc4 Kh7 44. b5 Re4 45. Qd3 Re5 46. b6 Ra8 47. a7 Qb7 48. Qa6 Qd5 49. b7 Rf8 50. b8=Q f4 51. Qxf8 fxg3 52. hxg3 Rh5 53. f3 Qd2 54. R4a2 Qe3+ 55. Rf2 Rg5 56. Qf4 Qc3 57. Qe4+ g6 58. a8=Q 1-0

[Event "11th LCC Super Blitz 2019"]
[Site "London"]
[Date "2019.12.08"]
[Round "11.5"]
[White "Mortazavi, Ali"]
[Black "Klingher, Dominic"]
[Result "1-0"]
[ECO "C41"]
[WhiteElo "2333"]
[BlackElo "2071"]
[Annotator "NA"]
[PlyCount "53"]
[EventDate "2019.12.08"]
[EventType "swiss"]
[EventCountry "ENG"]
[SourceTitle "playchess.com"]
[Source "ChessBase"]
[SourceQuality "1"]
[TimeControl "180+2"]

1. Nf3 d6 2. e4 Nf6 3. Nc3 Nbd7 4. d4 e5 5. Bc4 Be7 6. a4 c6 7. Ba2 h6 8. a5 Qc7 9. O-O Nf8 10. b4 g5 11. b5 Ng6 12. a6 g4 13. Ne1 h5 14. axb7 Bxb7 15. Rb1 h4 16. Bg5 g3 17. fxg3 hxg3 18. Bxf6 Rxh2 19. bxc6 Bxc6 20. Nd5 Bxd5 21. Bxd5 Nf4 22. Rxf4 exf4 23. Qg4 Bxf6 24. Qg8+ Kd7 25. Qxf7+ Kc8 26. Be6+ Kd8 27. Qf8# 1-0

[Event "11th LCC Super Blitz 2019"]
[Site "London"]
[Date "2019.12.08"]
[Round "11.5"]
[White "Stepanyan, Henrik"]
[Black "Ignatovic, Ernest"]
[Result "1/2-1/2"]
[ECO "A53"]
[WhiteElo "2193"]
[BlackElo "1703"]
[Annotator "NA"]
[PlyCount "101"]
[EventDate "2019.12.08"]
[EventType "swiss"]
[EventCountry "ENG"]
[SourceTitle "playchess.com"]
[Source "ChessBase"]
[SourceQuality "1"]
[TimeControl "180+2"]

1. d4 Nf6 2. c4 d6 3. Nc3 e5 4. d5 Bf5 5. Nf3 e4 6. Nd4 Bg6 7. e3 Be7 8. Be2 O-O 9. O-O Nfd7 10. f4 exf3 11. Bxf3 Ne5 12. Be2 Nbd7 13. Nf3 Bf6 14. Kh1 a5 15. Nb5 Nc5 16. Nbd4 Qd7 17. Nxe5 Bxe5 18. Bg4 Qe7 19. Bf5 Qh4 20. Nf3 Qxc4 21. Nxe5 dxe5 22. Bxg6 hxg6 23. b3 Qe4 24. Ba3 b6 25. Rc1 Rad8 26. Bxc5 bxc5 27. Rxc5 Rd7 28. Qd2 Rfd8 29. Rd1 c6 30. Qxa5 cxd5 31. Qe1 d4 32. exd4 Qxe1+ 33. Rxe1 exd4 34. Rd1 d3 35. Kg1 Ra8 36. a4 Rb8 37. Rc3 d2 38. Kf2 Rb4 39. Ke2 Re4+ 40. Kf3 Re1 41. Rxd2 Rxd2 42. b4 Rb1 43. b5 Ra2 44. Rc4 Rba1 45. b6 Rxa4 46. Rc8+ Kh7 47. b7 R1a3+ 48. Kf2 Ra2+ 49. Kf3 R2a3+ 50. Kf2 Ra2+ 51. Kf3 1/2-1/2

[Event "11th LCC Super Blitz 2019"]
[Site "London"]
[Date "2019.12.08"]
[Round "11.6"]
[White "Ratnesan, Ranesh"]
[Black "Kennedy, Craig"]
[Result "1-0"]
[ECO "A10"]
[WhiteElo "2213"]
[BlackElo "1899"]
[Annotator "NA"]
[PlyCount "57"]
[EventDate "2019.12.08"]
[EventType "swiss"]
[EventCountry "ENG"]
[SourceTitle "playchess.com"]
[Source "ChessBase"]
[SourceQuality "1"]
[TimeControl "180+2"]

1. Nf3 e6 2. b3 f5 3. Bb2 Nf6 4. g3 d5 5. Bg2 Bd6 6. c4 c6 7. d3 O-O 8. Nbd2 Qe7 9. O-O e5 10. c5 Bc7 11. e4 fxe4 12. dxe4 d4 13. Qc2 Na6 14. Rac1 Bg4 15. Nh4 Ba5 16. Nc4 Bc7 17. h3 Be6 18. Nd2 Qd7 19. Kh2 Rae8 20. a3 Qf7 21. Rce1 Bb8 22. b4 Nc7 23. f4 exf4 24. gxf4 Nb5 25. e5 Nh5 26. Be4 g6 27. Nxg6 hxg6 28. Bxg6 Qg7 29. Bxh5 1-0

[Event "11th LCC Super Blitz 2019"]
[Site "London"]
[Date "2019.12.08"]
[Round "11.6"]
[White "Orlovska, Madara"]
[Black "Rowson, Jonathan"]
[Result "0-1"]
[ECO "B18"]
[WhiteElo "2072"]
[BlackElo "2561"]
[Annotator "ChessBase"]
[PlyCount "110"]
[EventDate "2019.12.08"]
[EventType "swiss"]
[EventCountry "ENG"]
[SourceTitle "playchess.com"]
[Source "ChessBase"]
[SourceQuality "1"]
[TimeControl "180+2"]

1. e4 c6 2. d4 d5 3. Nc3 dxe4 4. Nxe4 Bf5 5. Ng3 Bg6 6. Bc4 e6 7. N1e2 Bd6 8. O-O Ne7 9. Nf4 O-O 10. c3 Bxf4 11. Bxf4 Nd7 12. Re1 Nb6 13. Bb3 a5 14. Bc2 a4 15. b3 Nbd5 16. Bd2 axb3 17. Bxg6 hxg6 18. axb3 Qb6 19. Qc2 Nf6 20. h3 Ra6 21. Rxa6 Qxa6 22. Bf4 Ra8 23. Bd6 Nf5 24. Nxf5 gxf5 25. c4 Ne4 26. Be5 Qa2 27. Re2 Qa1+ 28. Kh2 f6 29. Bf4 Qxd4 30. f3 Nc3 31. Be3 Qd6+ 32. f4 Nxe2 33. Qxe2 Kf7 34. Qh5+ Kg8 35. Qg6 Rd8 36. Bb6 Ra8 37. Be3 Qe7 38. Qh5 Rd8 39. Qe2 Qd6 40. Qf2 Qd3 41. Bb6 Ra8 42. Qe1 Kf7 43. Qh4 Qxb3 44. Qh5+ Kg8 45. c5 Qd5 46. Qe2 Ra2 47. Qf1 Qe4 48. Bc7 Kf7 49. h4 Qd5 50. Bd6 b5 51. h5 b4 52. Kh3 b3 53. g3 Rc2 54. Qa6 Qg2+ 55. Kh4 Qh2# 0-1

[Event "11th LCC Super Blitz 2019"]
[Site "London"]
[Date "2019.12.08"]
[Round "11.6"]
[White "Onslow, Teddy"]
[Black "Phillips, David"]
[Result "0-1"]
[ECO "D00"]
[WhiteElo "1647"]
[BlackElo "1810"]
[Annotator "NA"]
[PlyCount "94"]
[EventDate "2019.12.08"]
[EventType "swiss"]
[EventCountry "ENG"]
[SourceTitle "playchess.com"]
[Source "ChessBase"]
[SourceQuality "1"]
[TimeControl "180+2"]

1. d4 Nf6 2. Bf4 d5 3. e3 e6 4. Bd3 c5 5. c3 Nc6 6. Nd2 Bd6 7. Bxd6 Qxd6 8. f4 h5 9. Ngf3 cxd4 10. cxd4 Bd7 11. Ne5 Ne7 12. Ndf3 Nf5 13. Bxf5 exf5 14. Nxd7 Qxd7 15. O-O O-O 16. Ne5 Qb5 17. b3 Rac8 18. Rc1 g6 19. h3 Ne4 20. Kh2 Kg7 21. Rg1 f6 22. Nd3 Rxc1 23. Nxc1 Rc8 24. Qd3 Qa5 25. a4 Rc3 26. Qb5 Qxb5 27. axb5 Rc7 28. Re1 a6 29. bxa6 bxa6 30. Kg1 Rb7 31. Kf1 Kf7 32. Ke2 Ke6 33. Kd3 Nf2+ 34. Kc2 Rc7+ 35. Kb2 Ne4 36. Nd3 Kd6 37. Rc1 Rxc1 38. Nxc1 Nd2 39. Nd3 Nf1 40. Nc5 Nxe3 41. Nxa6 Nxg2 42. b4 Nxf4 43. b5 Nxh3 44. Kb3 f4 45. Kb4 f3 46. Ka5 f2 47. b6 Kc6 0-1

[Event "11th LCC Super Blitz 2019"]
[Site "London"]
[Date "2019.12.08"]
[Round "11.7"]
[White "Eames, Robert S"]
[Black "Zhao, Haolin"]
[Result "1-0"]
[ECO "B36"]
[WhiteElo "2166"]
[BlackElo "1725"]
[Annotator "NA"]
[PlyCount "117"]
[EventDate "2019.12.08"]
[EventType "swiss"]
[EventCountry "ENG"]
[SourceTitle "playchess.com"]
[Source "ChessBase"]
[SourceQuality "1"]
[TimeControl "180+2"]

1. e4 c5 2. Nf3 g6 3. c4 Nc6 4. d4 cxd4 5. Nxd4 Nf6 6. Nc3 Nxd4 7. Qxd4 Bg7 8. Be2 O-O 9. Bg5 d6 10. Qd2 Bd7 11. O-O Ne8 12. Nd5 f6 13. Be3 Nc7 14. Rfd1 Nxd5 15. Qxd5+ Kh8 16. f3 Bc6 17. Qd2 Qc7 18. Rac1 b6 19. b4 Bb7 20. c5 dxc5 21. Qd7 Rac8 22. bxc5 bxc5 23. Rxc5 Qxd7 24. Rxd7 Bc6 25. Rxa7 Rfe8 26. Kf2 Bf8 27. Ra6 Bd7 28. Rxc8 Rxc8 29. Ra7 Bc6 30. a4 e5 31. a5 f5 32. exf5 gxf5 33. f4 Bd6 34. fxe5 Bxe5 35. Re7 Bf6 36. Rf7 Bg7 37. Rxf5 Re8 38. Rf4 Be5 39. Bd4 Bxd4+ 40. Rxd4 Ra8 41. a6 Be8 42. Rd6 Bg6 43. Bf3 Ra7 44. Ke3 Kg7 45. Kd4 Bb1 46. Kc5 Bd3 47. Bb7 Bxa6 48. Bxa6 Rf7 49. Bc4 Rf5+ 50. Bd5 Rf2 51. h3 Rc2+ 52. Kd4 Re2 53. Be4 Rd2+ 54. Ke5 Rf2 55. Bf3 Kh8 56. Kf6 h5 57. Kg6 Rxf3 58. Rd8+ Rf8 59. Rxf8# 1-0

[Event "11th LCC Super Blitz 2019"]
[Site "London"]
[Date "2019.12.08"]
[Round "11.7"]
[White "Pappelis, Dimitrios"]
[Black "Kirupakaran, Vishnu"]
[Result "1-0"]
[ECO "B10"]
[WhiteElo "2160"]
[BlackElo "1871"]
[Annotator "NA"]
[PlyCount "23"]
[EventDate "2019.12.08"]
[EventType "swiss"]
[EventCountry "ENG"]
[SourceTitle "playchess.com"]
[Source "ChessBase"]
[SourceQuality "1"]
[TimeControl "180+2"]

1. c4 Nf6 2. Nc3 c6 3. e4 e5 4. Nf3 Qc7 5. d4 exd4 6. Nxd4 Bb4 7. Bd3 d5 8. cxd5 cxd5 9. O-O dxe4 10. Qa4+ Nc6 11. Nxc6 Qxc6 12. Bb5 1-0

[Event "11th LCC Super Blitz 2019"]
[Site "London"]
[Date "2019.12.08"]
[Round "11.7"]
[White "Srivastava, Arnav"]
[Black "Royal, Shreyas"]
[Result "0-1"]
[ECO "E01"]
[WhiteElo "1728"]
[BlackElo "1941"]
[Annotator "NA"]
[PlyCount "78"]
[EventDate "2019.12.08"]
[EventType "swiss"]
[EventCountry "ENG"]
[SourceTitle "playchess.com"]
[Source "ChessBase"]
[SourceQuality "1"]
[TimeControl "180+2"]

1. c4 e6 2. Nc3 Nf6 3. d4 d5 4. g3 dxc4 5. Bg2 Be7 6. Qa4+ Nbd7 7. Qxc4 c6 8. e4 O-O 9. Nf3 Nb6 10. Qe2 c5 11. dxc5 Bxc5 12. O-O h6 13. Be3 Bxe3 14. Qxe3 Qe7 15. Rfd1 e5 16. Rac1 Bg4 17. a3 Rac8 18. Rd2 Nc4 19. Qxa7 Bxf3 20. Rd3 Ra8 21. Qxa8 Rxa8 22. Bxf3 Nxb2 23. Rd2 Nc4 24. Rdc2 Nxa3 25. Ra2 Qe8 26. Rca1 Qe7 27. Nb5 Qb4 28. Nxa3 Nxe4 29. Kg2 Nc3 30. Nc2 Rxa2 31. Rxa2 Qb3 32. Ra8+ Kh7 33. Ne3 e4 34. Bg4 g6 35. Rb8 h5 36. Bc8 Nd1 37. Rxb7 Nxe3+ 38. fxe3 Qc2+ 39. Kh3 Qxc8+ 0-1

[Event "11th LCC Super Blitz 2019"]
[Site "London"]
[Date "2019.12.08"]
[Round "11.8"]
[White "Iyengar, Ilya"]
[Black "Balaji, Aaravamudhan"]
[Result "0-1"]
[ECO "E69"]
[WhiteElo "1984"]
[BlackElo "2120"]
[Annotator "NA"]
[PlyCount "102"]
[EventDate "2019.12.08"]
[EventType "swiss"]
[EventCountry "ENG"]
[SourceTitle "playchess.com"]
[Source "ChessBase"]
[SourceQuality "1"]
[TimeControl "180+2"]

1. d4 Nf6 2. Nf3 g6 3. g3 Bg7 4. Bg2 O-O 5. c4 d6 6. O-O Nbd7 7. Nc3 e5 8. e4 c6 9. h3 Qa5 10. Re1 Ne8 11. Rb1 f5 12. exf5 gxf5 13. dxe5 dxe5 14. Bg5 Nef6 15. Qd6 h6 16. Bd2 e4 17. Nxe4 Qd8 18. Nxf6+ Nxf6 19. Qxd8 Rxd8 20. Bc3 Bd7 21. Ne5 Be8 22. Rbd1 a6 23. c5 Nd5 24. Bd4 Nb4 25. Rd2 Nxa2 26. Bf1 Nb4 27. Bc4+ Kh7 28. g4 fxg4 29. hxg4 Bg6 30. Bc3 Rxd2 31. Bxd2 Nc2 32. Re2 Nd4 33. Re3 Bxe5 34. Bc3 Bg7 35. Re7 Rd8 36. Rxb7 Nf3+ 37. Kg2 Nd4 38. f4 Kh8 39. f5 Be8 40. Ra7 Nxf5 41. gxf5 Bxc3 42. bxc3 Bh5 43. Rxa6 Rd2+ 44. Kg3 Rc2 45. Ra3 Kg7 46. Be6 Kf6 47. Bd7 Bf7 48. Bxc6 Kxf5 49. Bf3 h5 50. c6 Kg5 51. c7 h4+ 0-1

[Event "11th LCC Super Blitz 2019"]
[Site "London"]
[Date "2019.12.08"]
[Round "11.8"]
[White "Van Hoof, Alexander"]
[Black "Arapalea, Daniel-Ionel"]
[Result "1-0"]
[ECO "D06"]
[WhiteElo "1968"]
[BlackElo "1840"]
[Annotator "NA"]
[PlyCount "32"]
[EventDate "2019.12.08"]
[EventType "swiss"]
[EventCountry "ENG"]
[SourceTitle "playchess.com"]
[Source "ChessBase"]
[SourceQuality "1"]
[TimeControl "180+2"]

1. Nf3 d5 2. c4 Nf6 3. cxd5 Nxd5 4. d4 g6 5. e4 Nf6 6. Bd3 Bg7 7. O-O O-O 8. Nc3 a6 9. h3 b5 10. Be3 Bb7 11. a3 Nbd7 12. Rc1 Nb6 13. b4 Nc4 14. Bxc4 bxc4 15. d5 Nd7 16. Qe2 a5 1-0